 Dungeon Crawl Stone Soup version 0.27-a0-1196-g3e9cee4cb2 (webtiles) character file.

Game seed: 11754435674064733621

40 Shayle the Sneak (level 3, -4/26 HPs)
             Began as a Demonspawn Enchanter on May 29, 2021.
             Splashed by a jelly's acid (10 damage)
             ... on level 4 of the Dungeon.
             The game lasted 00:06:09 (1710 turns).

Shayle the Sneak (Demonspawn Enchanter)             Turns: 1710, Time: 00:06:10

Health: -4/26      AC:  3    Str:  8    XL:     3   Next: 30%
Magic:  0/6        EV: 12    Int: 17    God:
Gold:   75         SH:  0    Dex: 13    Spells: 1/6 levels left

rFire    . . .     SeeInvis .   a - +1 dagger
rCold    . . .     Faith    .   (no shield)
rNeg     . . .     Spirit   .   b - +0 robe
rPois    .         Reflect  .   (helmet restricted)
rElec    .         Harm     .   c - +0 cloak
rCorr    .         Rampage  .   (no gloves)
Will     .....                  (no boots)
Stlth    ++........             (no amulet)
HPRegen  0.08/turn              (no ring)
MPRegen  0.10/turn              (no ring)

@: no status effects
A: antennae 1, claws 1
a: no special abilities


You were on level 4 of the Dungeon.
You visited 1 branch of the dungeon, and saw 5 of its levels.

You collected 75 gold pieces.

Inventory:

Hand Weapons
 a - a +1 dagger (weapon)
Missiles
 e - 5 atropa-tipped darts
 f - 23 poisoned darts (quivered)
Armour
 b - a +0 robe (worn)
 c - a +0 cloak (worn)
Scrolls
 g - a scroll of enchant weapon {unknown}
 i - a scroll of identify {unknown}
Potions
 d - 2 potions of mutation {unknown}
 h - a potion of attraction {unknown}
 j - 2 potions of brilliance {unknown}
 k - a potion of might {unknown}


   Skills:
 + Level 1.4 Fighting
 - Level 0.8 Short Blades
 + Level 2.3 Dodging
 + Level 3.2 Stealth
 - Level 2.0 Spellcasting
 + Level 0.7 Conjurations
 - Level 3.0 Hexes


You had one spell level left.
You knew the following spells:

 Your Spells              Type           Power      Damage    Failure   Level
a - Corona                Hex            12%        N/A       5%          1
b - Ensorcelled Hibernat  Hex/Ice        12%        N/A       16%         2
c - Searing Ray           Conj           8%         3d3       22%         2

Your spell library contained the following spells:

 Spells                   Type           Power      Damage    Failure   Level
 Magic Dart               Conj           16%        1d3       14%         1
 Confusing Touch          Hex            11%        N/A       17%         3
 Tukima's Dance           Hex            11%        N/A       17%         3
 Dazzling Flash           Conj/Hex       16%        N/A       26%         3
 Fulminant Prism          Conj/Hex       4%         3d6       65%         4
 Iskenderun's Mystic Bla  Conj/Tloc      2%         2d3       86%         4


Dungeon Overview and Level Annotations

Branches:
Dungeon (5/15)
 Temple: D:4-7

Altars:

Shops:
D:2 (*=(

Annotations:
D:2 Terence


Innate Abilities, Weirdness & Mutations

You have a pair of small antennae on your head.
You have sharp fingernails.


Message History

Aim: a jelly (89% to hit)
You throw a poisoned dart. The poisoned dart hits the jelly.
Throw: 26 darts (poison)
Press: ? - help, Q - select action, (/) - cycle Shift-Dir - straight line, f/p - jelly
Aim: a jelly (89% to hit)
You throw a poisoned dart. The poisoned dart hits the jelly.
Throw: 25 darts (poison)
Press: ? - help, Q - select action, (/) - cycle Shift-Dir - straight line, f/p - jelly
Aim: a jelly (89% to hit)
You throw a poisoned dart. The poisoned dart hits the jelly.
Throw: 24 darts (poison)
Press: ? - help, Q - select action, (/) - cycle Shift-Dir - straight line, f/p - jelly
Aim: a jelly (89% to hit)
You throw a poisoned dart. The poisoned dart hits the jelly.
Unknown command.
Casting: Ensorcelled Hibernation (safe; 16% risk of failure)
Confirm with . or Enter, or press ? or * to list all spells.
Aiming: Ensorcelled Hibernation (safe; 16% risk of failure)
Press: ? - help, Shift-Dir - straight line, f/p - jelly
Aim: a jelly (chance to affect: 47%)
The jelly resists with some effort.
The jelly hits you.
You are splashed with acid!
Casting: Ensorcelled Hibernation (safe; 16% risk of failure)
Confirm with . or Enter, or press ? or * to list all spells.
Aiming: Ensorcelled Hibernation (safe; 16% risk of failure)
Press: ? - help, Shift-Dir - straight line, f/p - jelly
Aim: a jelly (chance to affect: 47%)
The jelly resists with some effort.
The jelly hits you.
You are splashed with acid.
* * * LOW HITPOINT WARNING * * *
Unknown command.
Casting: Ensorcelled Hibernation (safe; 16% risk of failure)
Confirm with . or Enter, or press ? or * to list all spells.
Aiming: Ensorcelled Hibernation (safe; 16% risk of failure)
Press: ? - help, Shift-Dir - straight line, f/p - jelly
Aim: a jelly (chance to affect: 47%)
The jelly resists with some effort.
The jelly hits you.
* * * LOW HITPOINT WARNING * * *
You are splashed with acid!
You die...

.#####.# .......#
.......# ######.#
#.# #.# #.#
#.#################
#..........@J((((..
###################


You could see a jelly.

Vanquished Creatures
  An adder (D:3)
  A dart slug (D:1)
  2 ball pythons
  A giant cockroach (D:1)
  4 goblins
  3 hobgoblins
  3 jackals (D:1)
  5 bats
  2 frilled lizards (D:3)
  2 kobolds (D:1)
  5 rats (D:1)
29 creatures vanquished.

Notes
Turn   | Place    | Note
-------+----------+-------------------------------------------
     0 | D:1      | Shayle the Demonspawn Enchanter began the quest for the
                  | Orb.
     0 | D:1      | Reached XP level 1. HP: 13/13 MP: 3/3
   360 | D:1      | Gained mutation: You have sharp fingernails. [demonic
                  | ancestry]
   360 | D:1      | Reached XP level 2. HP: 20/20 MP: 5/5
   363 | D:1      | Learned a level 2 spell: Ensorcelled Hibernation
   385 | D:1      | Reached skill level 1 in Fighting
   514 | D:1      | Learned a level 2 spell: Searing Ray
   889 | D:1      | Found a faded altar of an unknown god.
  1063 | D:2      | Found Uqunu's Antique Weapon Boutique.
  1142 | D:2      | Found Ucioxol's Assorted Antiques.
  1205 | D:2      | Found Gemurhui's Jewellery Boutique.
  1255 | D:2      | Found Ogumamat's Weapon Boutique.
  1268 | D:2      | Noticed Terence
  1425 | D:3      | Gained mutation: You have a pair of small antennae on your
                  | head. [demonic ancestry]
  1425 | D:3      | Reached XP level 3. HP: 15/26 MP: 1/6
  1610 | D:3      | You fall into a shaft and drop 2 floors!
  1610 | D:5      | Entered Level 5 of the Dungeon
  1710 | D:4      | Splashed by a jelly's acid

Illustrated notes

Levels and vault maps discovered:
D:1:      scummos_arrival_hexagon, layout_loops_ring,
          chequers_ecumenical_altar_grove
D:2:      layout_basic, serial_shops, nicolae_shop_waterfront, shop_fountains,
          shop, nicolae_shop_crystal, nicolae_shop_statue_plus, uniq_terence
D:3:      layout_basic, led_xom_imps, nicolae_tso_besieged_by_evil,
          minmay_door_square, grunt_decor_fettered, minmay_misc_feat_alley,
          minmay_crystal_room, feat_on_display, uniq_jessica
D:4:      layout_loops_ring, temple_green, kennysheep_flooded_box
D:5:      layout_gridville, lemuel_round_altar, kennysheep_nondescript,
          uniq_grinder, uniq_edmund

Skill      XL: |  1  2 |
---------------+-------+-----
Dodging        | 2 |  2.3
Stealth        | 3 |  3.2
Fighting       | 1 |  1.4
Short Blades   | |  0.8
Spellcasting   | |  2.0
Conjurations   | |  0.7
Hexes          | |  3.0

Action                   || total
-------------------------++-------
Melee: Dagger            ||    62
Throw: Dart              ||    45
 Cast: Ensorcelled Hiber ||     7
 Stab: Sleeping          ||     5
Armor: Robe              ||    11
Dodge: Dodged            ||    47

Table legend: (Time is in decaauts)
 A = Elapsed time spent in this place.
 B = Non-inter-level travel time spent in this place.
 C = Inter-level travel time spent in this place.
 D = Time resting spent in this place.
 E = Time spent auto-exploring this place.
 F = Levels seen in this place.
 G = Mean time per level.
                   A        B        C        D        E       F      G
               +--------+--------+--------+--------+--------+-----+--------+
         Total |   1707 |   1660 |     47 |    281 |    813 |   5 |  341.4 |
       Dungeon |   1707 |   1660 |     47 |    281 |    813 |   5 |  341.4 |
               +--------+--------+--------+--------+--------+-----+--------+

Top non-repeatable levels by time:
     D:1: 1061 daAuts
     D:2: 290 daAuts
     D:3: 256 daAuts
     D:4: 92 daAuts
     D:5: 6 daAuts
